Map: Bridgehead LE (Void)

Players

HyuN

  • Race: Zerg Zerg
  • League: Master

Reality - Winner!

  • Race: Terran Terran
  • League: Master

Event: Team Gravity's Fight Night #37

VOD

https://youtu.be/dH7_hsdymMo?t=51m15s

Description

Time

  • Played on: Oct. 31, 2015, 8:39 p.m.
  • Length: 11:11

All games in this series

Show
View Real Time Build Order
Export as new Build Order

HyuN Zerg 

Build Orders: Hatch First 

Get SALT Encoding   

  12  0:01  Drone  
  13  0:12  Overlord  
  13  0:17  Drone  
  14  0:31  Drone x2  
  14  0:35  Drone  
  17  0:52  Hatchery  
  17  0:55  Drone  
  17  0:58  Drone  
  18  1:05  Extractor  
  17  1:14  Spawning Pool  
  17  1:16  Drone  
  17  1:19  Drone  
  18  1:28  Drone  
  19  1:39  Overlord  
  19  2:00  Queen  
  21  2:01  Zergling x2  
  21  2:02  Zergling x2  
  21  2:04  Queen  
  21  2:05  Drone  
  21  2:06  Metabolic Boost  
  26  2:12  Drone  
  26  2:15  Drone  
  28  2:23  Drone  
  28  2:28  Drone  
  30  2:36  Hatchery  
  29  2:42  Queen  
  31  2:47  Overlord  
  31  2:50  Drone  
  32  2:52  Drone  
  32  2:55  Drone  
  32  2:57  Drone  
  35  3:01  Drone  
  36  3:06  Drone  
  36  3:09  Drone x3  
  40  3:13  Drone  
  40  3:14  Drone  
  40  3:17  Drone  
  40  3:18  Drone  
  44  3:22  Extractor  
  44  3:23  Overlord  
  43  3:31  Roach Warren  
  43  3:32  Drone  
  43  3:36  Drone  
  44  3:45  Drone x2  
  44  3:46  Drone  
  44  3:47  Drone  
  48  3:48  Overlord  
  48  3:50  Overlord  
  48  3:54  Zergling x4  
  49  4:03  Overlord  
  49  4:12  Roach  
  49  4:13  Roach x6  
  63  4:18  Roach  
  65  4:24  Drone  
  65  4:26  Evolution Chamber  
  65  4:27  Queen  
  65  4:28  Evolution Chamber  
  65  4:29  Drone  
  65  4:30  Drone x2  
  69  4:37  Drone x4  
  73  4:38  Drone  
  73  4:42  Drone  
  75  4:46  Drone  
  75  4:49  Drone  
  75  4:52  Overlord x2  
  77  4:55  Zerg Ground Armor Level 1  
  77  4:58  Zerg Melee Weapons Level 1  
  77  5:05  Overlord  
  77  5:08  Drone  
  77  5:11  Drone  
  77  5:12  Drone x6  
  85  5:15  Lair  
  85  5:18  Roach  
  85  5:20  Ravager  
  88  5:22  Ravager  
  88  5:23  Zergling x8  
  88  5:28  Zergling x4  
  94  5:34  Overlord  
  94  5:35  Overlord x3  
  82  5:58  Drone x3  
  82  5:59  Drone x4  
  82  6:03  Drone, Extractor  
  88  6:05  Hatchery, Drone  
  88  6:06  Drone x4  
  87  6:18  Roach  
  87  6:19  Roach x2  
  87  6:20  Zergling x10  
  87  6:24  Drone  
  96  6:27  Ravager  
  97  6:33  Extractor  
  97  6:35  Roach x3, Extractor  
  97  6:45  Roach  
  97  6:46  Roach x5  
  103  7:00  Drone x5  
  108  7:02  Drone  
  109  7:19  Overlord x2  
  109  7:20  Overlord  
  109  7:24  Extractor  
  109  7:27  Drone x6  
  109  7:28  Spire  
  109  7:29  Drone x2  
  115  7:30  Spore Crawler  
  115  7:32  Overlord x2, Spore Crawler  
  113  7:40  Zerg Melee Weapons Level 2  
  113  7:42  Drone x2  
  115  7:44  Zergling x2  
  115  7:45  Zergling x18  
  125  7:52  Drone x2  
  125  7:53  Queen  
  125  7:56  Drone x2  
  131  8:10  Glial Reconstitution  
  131  8:17  Baneling Nest  
  130  8:21  Spore Crawler  
  130  8:24  Roach x2  
  130  8:25  Roach x3  
  130  8:26  Zergling x12  
  130  8:27  Zergling x10  
  149  8:31  Ravager  
  149  8:32  Hatchery, Ravager  
  150  8:37  Overlord x2  
  150  8:38  Overlord  
  149  9:05  Corruptor x8  
  160  9:11  Baneling x3  
  160  9:12  Baneling  
  160  9:13  Zergling x10  
  165  9:18  Ravager x2  
  147  9:32  Drone x7  
  152  9:48  Hatchery  
  151  9:56  Infestation Pit  
  144  10:17  Zergling x14  
  144  10:18  Zergling x2  
  152  10:27  Overlord x2  
  152  10:37  Hatchery  
  151  10:48  Zergling x36  
Show
View Real Time Build Order
Export as new Build Order

Reality Terran - Winner!

Build Orders: Command Center First (CC), Bio Tank, MMM Bio 

Get SALT Encoding   

  12  0:00  SCV  
  13  0:12  SCV  
  14  0:17  Supply Depot  
  14  0:25  SCV  
  15  0:39  SCV  
  16  0:51  SCV  
  17  0:59  Command Center  
  17  1:05  Refinery  
  17  1:07  SCV  
  18  1:17  Barracks  
  18  1:21  SCV  
  19  1:33  SCV  
  20  1:45  SCV  
  21  1:57  SCV  
  22  2:04  Marine  
  22  2:06  Factory  
  23  2:10  Orbital Command  
  23  2:11  Orbital Command  
  23  2:24  Barracks Reactor  
  23  2:28  Barracks  
  23  2:29  Barracks  
  23  2:34  Refinery  
  23  2:36  SCV  
  24  2:39  SCV  
  25  2:48  SCV  
  26  2:51  SCV  
  26  2:54  Supply Depot  
  27  3:00  SCV  
  27  3:03  SCV  
  27  3:04  Hellion  
  31  3:06  Barracks Tech Lab  
  31  3:12  SCV  
  32  3:15  Barracks Reactor  
  32  3:16  SCV, Barracks Reactor  
  32  3:17  Hellion  
  35  3:24  SCV  
  35  3:26  Supply Depot, Hellion  
  38  3:28  SCV  
  38  3:30  Stimpack  
  38  3:31  Marine  
  40  3:36  SCV  
  40  3:40  SCV  
  42  3:41  Hellion  
  42  3:43  Starport  
  45  3:48  SCV  
  45  3:52  SCV  
  46  3:56  Supply Depot, Marine  
  46  3:57  Marine x2  
  46  3:58  Marine  
  46  3:59  Marine  
  46  4:01  SCV  
  52  4:04  SCV  
  53  4:13  Supply Depot  
  53  4:15  Marine  
  54  4:17  Marine x4  
  60  4:28  Medivac x2  
  60  4:30  Factory Reactor  
  62  4:34  Marine  
  62  4:35  Supply Depot, Marine x4  
  62  4:38  SCV x2  
  69  4:52  Marine  
  70  4:55  Command Center  
  70  4:56  Marine x4  
  74  5:05  Medivac x2  
  78  5:10  Factory Tech Lab  
  78  5:13  Supply Depot  
  78  5:14  Supply Depot, Refinery  
  78  5:21  Engineering Bay  
  78  5:33  Combat Shields  
  78  5:35  SCV x2, Marine x5  
  85  5:36  Supply Depot  
  83  5:47  SCV  
  82  5:50  Siege Tank  
  82  5:52  Marine x4  
  82  5:53  Marauder  
  83  5:59  SCV  
  84  6:10  Marine x4  
  85  6:11  Terran Infantry Weapons Level 1, Barracks  
  85  6:12  Barracks  
  85  6:14  Orbital Command, Marine  
  86  6:19  Viking  
  86  6:23  Siege Tank  
  91  6:28  Marine x3  
  91  6:29  SCV  
  91  6:32  Marauder  
  96  6:37  SCV  
  96  6:40  Marine  
  96  6:41  SCV, Refinery, Orbital Command  
  96  6:46  Marine x3  
  98  6:53  SCV  
  98  6:54  Marauder  
  98  6:57  Marine  
  99  7:01  Barracks Reactor, Barracks Tech Lab  
  99  7:04  Medivac x2, Marine x3  
  99  7:05  SCV  
  106  7:10  SCV x2  
  106  7:12  Supply Depot  
  106  7:14  Marine  
  109  7:15  Marine  
  109  7:21  Marine x3  
  109  7:22  Marine  
  114  7:25  Supply Depot  
  114  7:29  SCV  
  117  7:30  SCV x2  
  117  7:33  Marine  
  117  7:34  Medivac x2, Marauder  
  117  7:35  Supply Depot  
  124  7:39  Marine  
  124  7:41  Supply Depot  
  124  7:44  Refinery  
  125  7:47  Siege Tank, Marine x2  
  125  7:49  Marine x3  
  125  7:51  Concussive Shells  
  133  7:56  Marauder  
  135  7:58  Supply Depot  
  135  7:59  Supply Depot, SCV x2  
  135  8:01  Armory  
  135  8:03  Engineering Bay  
  137  8:09  Marauder  
  137  8:10  Marine x2  
  137  8:11  Marine x4  
  145  8:19  SCV x2  
  147  8:20  Factory  
  145  8:27  Marauder  
  145  8:30  Marine x3  
  145  8:31  Marine x3, Marauder  
  155  8:39  Siege Tank  
  158  8:47  Marine  
  158  8:48  Marine x3  
  159  8:49  Marauder, Marine x2  
  165  9:05  SCV, Factory Tech Lab, Medivac x2  
  165  9:07  Marauder  
  165  9:08  Supply Depot  
  165  9:10  Supply Depot  
  165  9:16  Terran Infantry Armor Level 1  
  165  9:19  Supply Depot  
  165  9:22  Marine  
  165  9:23  Marine x3  
  165  9:24  Marine  
  165  9:26  Marine  
  165  9:28  Marauder  
  165  9:30  Siege Tank, Marauder  
  170  9:36  Siege Tank  
  173  9:39  Marine  
  173  9:40  Marine  
  173  9:41  Marine x2  
  173  9:42  Marine  
  178  9:47  Marine  
  178  9:50  Marauder  
  178  9:51  Marauder  
  183  9:57  Marine  
  183  9:58  Marine  
  183  9:59  Marine x3  
  187  10:04  Marine  
  184  10:11  Marauder  
  184  10:13  Marauder, Medivac x2  
  187  10:15  Marine  
  187  10:16  Marine  
  189  10:22  Command Center  
  189  10:27  Sensor Tower  
  189  10:29  Supply Depot  
  189  10:38  Supply Depot  
  189  10:42  Marine x3  
  189  10:43  Marauder x2  
  189  10:50  Marine x3  

Tags
 
Add a new tag
Caveats
  • Supply blocks, unpowered buildings, or Contaminate may cause inaccurate times.
  • Supply counts are checked every 10 seconds.